 Dungeon Crawl Stone Soup version 0.29.1-15-g9cfb28693d (webtiles) character file.

Game seed: 5892152092754573199

180 Carnifexus the Covered (level 5, -2/43 HPs)
             Began as a Demonspawn Fighter on Mar 23, 2023.
             Killed from afar by Sigmund (7 damage)
             ... with a puff of flame
             ... on level 3 of the Dungeon.
             The game lasted 00:03:52 (2254 turns).

Carnifexus the Covered (Demonspawn Fighter)         Turns: 2254, Time: 00:03:52

Health: -2/43      AC:  8    Str: 18    XL:     5   Next: 33%
Magic:  5/5        EV:  9    Int: 10    God:
Gold:   1225       SH:  4    Dex: 12    Spells: 4/4 levels left

rFire   . . .      SeeInvis .   a - +0 long sword
rCold   . . .      Faith    .   c - +0 buckler
rNeg    . . .      Spirit   .   b - +0 scale mail
rPois   .          Reflect  .   (no helmet)
rElec   .          Harm     .   (no cloak)
rCorr   .          Rampage  .   (no gloves)
Will    .....                   (no boots)
Stlth   ..........              (no amulet)
HPRegen 0.14/turn               (no ring)
MPRegen 0.09/turn               (no ring)

@: mighty
A: rugged brown scales 1, spiny 1, demonic touch 1
a: no special abilities


You were on level 3 of the Dungeon.
You visited 1 branch of the dungeon, and saw 3 of its levels.

You collected 1225 gold pieces.

Inventory:

Hand Weapons
 a - a +0 long sword (weapon)
Armour
 b - a +0 scale mail (worn)
 c - a +0 buckler (worn)
Wands
 m - a wand of flame (8)
Scrolls
 e - a scroll of silence {unknown}
 f - 2 scrolls of teleportation {unknown}
 g - 3 scrolls of identify {unknown}
 h - a scroll of butterflies {unknown}
 i - a scroll of brand weapon {unknown}
 j - a scroll of poison {unknown}
 k - a scroll of noise {unknown}
 s - a scroll of enchant armour {unknown}
Potions
 l - 2 potions of haste {unknown}
 n - a potion of lignification {unknown}
 o - a potion of heal wounds {unknown}
 p - 2 potions of curing {unknown}
 q - a potion of ambrosia {unknown}
 r - 2 potions of degeneration {unknown}


   Skills:
 + Level 3.7 Fighting
 + Level 3.0 Long Blades
 + Level 3.8 Armour
 + Level 0.5 Dodging
 + Level 0.4 Stealth
 + Level 3.2 Shields


You had 4 spell levels left.
You didn't know any spells.
Your spell library was empty.

Dungeon Overview and Level Annotations

Branches:
Dungeon (3/15)

Altars:

Shops:
D:2 (

Annotations:
D:3 Sigmund


Innate Abilities, Weirdness & Mutations

You are partially covered in rugged brown scales. (AC +1, +3% HP)
You are partially covered in sharp spines.
Your touch may inflict minor irresistible damage on your foes.


Message History

The hobgoblin is heavily wounded.
The hobgoblin barely misses you. Something hits you.
You hit the hobgoblin.
You kill the hobgoblin!
You hear a zap.
A puff of flame appears from out of thin air!
The puff of flame hits you.
You feel very mighty all of a sudden.
You hear some strange, mumbled words.
You are confused.
You bump into the rock wall.
Something hits you. Something hits you.
You hear some strange, mumbled words.
A puff of flame appears from out of thin air!
The puff of flame hits you!
Things that are here:
a +0 dagger; a hobgoblin corpse You bump into the rock wall.
You hear a zap.
A puff of flame appears from out of thin air!
The puff of flame hits you!
* * * LOW HITPOINT WARNING * * *
You miss something.
You hear a zap.
A puff of flame appears from out of thin air!
The puff of flame hits you.
* * * LOW HITPOINT WARNING * * *
You closely miss something.
You feel less confused. Something hits you but does no damage.
You closely miss something. You block something's attack.
You closely miss something.
You hear some strange, mumbled words.
A magic dart appears from out of thin air!
The magic dart hits you but does no damage.
You closely miss something.
You hear a zap.
A puff of flame appears from out of thin air!
The puff of flame hits you!
You die...

##.#### ####.#.#.##
#.......#.# ########
#.#......######......#
#.#.........)........#
#
#.#.....############.#
#.####.##...#### #.#
#............{.# #.#
#......>g..###@# ##.##
##.###@###.# #.#
#...#### #..g@...#.#
#.# #.#.....
.....##g#.#.# #.#
#####...#### ....
..#.... ...
............. ..g ###
#.###.## #####.######.
#. #.# #.# #. #. # ..?
..# #. #. #### #. ##.


There were no monsters in sight!

Vanquished Creatures
  Natasha (thrice) (D:2)
  Terence (D:2)
  3 gnolls (D:3)
  2 worms
  A dart slug (D:2)
  4 endoplasms
  A giant cockroach (D:1)
  3 goblins
  8 hobgoblins
  2 kobolds (D:3)
  3 quokkas
  6 ball pythons
  3 bats (D:1)
  2 frilled lizards (D:2)
  5 rats
47 creatures vanquished.

Notes
Turn   | Place    | Note
-------+----------+-------------------------------------------
     0 | D:1      | Carnifexus the Demonspawn Fighter began the quest for the
                  | Orb.
     0 | D:1      | Reached XP level 1. HP: 18/18 MP: 1/1
   204 | D:1      | Gained mutation: You are partially covered in sharp spines.
                  | [demonic ancestry]
   204 | D:1      | Reached XP level 2. HP: 24/24 MP: 2/2
   249 | D:1      | Found a faded altar of an unknown god.
   747 | D:2      | Found Jaluazef's Antique Weapon Boutique.
   839 | D:2      | Noticed Natasha
   843 | D:2      | Identified a scroll of acquirement
   843 | D:2      | Acquired 1107 gold pieces
   859 | D:2      | Noticed a crimson imp
   862 | D:2      | Killed Natasha
   863 | D:2      | Gained mutation: Your touch may inflict minor irresistible
                  | damage on your foes. [demonic ancestry]
   863 | D:2      | Reached XP level 3. HP: 18/29 MP: 3/3
  1066 | D:2      | Noticed Natasha
  1076 | D:2      | Killed Natasha
  1077 | D:2      | Gained mutation: You are partially covered in rugged brown
                  | scales. (AC +1, +3% HP) [demonic ancestry]
  1077 | D:2      | Reached XP level 4. HP: 22/36 MP: 4/4
  1198 | D:2      | Noticed Terence
  1213 | D:2      | Killed Terence
  1677 | D:2      | Noticed Natasha
  1684 | D:2      | Killed Natasha
  1890 | D:3      | Reached XP level 5. HP: 38/42 MP: 5/5
  2220 | D:3      | Noticed Sigmund
  2254 | D:3      | Killed from afar by Sigmund

Illustrated notes

Levels and vault maps discovered:
D:1:      beargit_arrival_greenhouse, layout_loops_ring,
          chequers_ecumenical_altar_simple
D:2:      layout_basic, serial_shops, shop_statue, uniq_natasha, uniq_terence
D:3:      layout_loops_ring, uniq_sigmund, uniq_robin, uniq_jessica

Skill      XL: |  1  2  3  4  5 |
---------------+----------------+-----
Armour         | 3 |  3.8
Long Blades    | 2 3 |  3.0
Shields        | 3 |  3.2
Fighting       | |  3.7
Dodging        | |  0.5
Stealth        | |  0.4

Action                   |  1- 3 |  4- 6 || total
-------------------------+-------+-------++-------
Melee: Long sword        |    51 |    79 ||   130
  Use: Potion            |     1 |     1 ||     2
       Scroll            |     1 |       ||     1
Armor: Scale mail        |    27 |    28 ||    55
Dodge: Dodged            |    21 |    26 ||    47
Block: Buckler           |    10 |    15 ||    25
